 Dungeon Crawl Stone Soup version 0.17-a0-1409-ge6d9485 (webtiles) character file.

66 urechis the Poker (level 4, -3/33 HPs)
             Began as a Merfolk Skald on June 22, 2015.
             Slain by a river rat (6 damage)
             ... in a sewer.
             The game lasted 00:05:53 (1817 turns).

urechis the Poker (Merfolk Skald)                   Turns: 1817, Time: 00:05:54

Health: -3/33      AC:  3    Str: 12    XL:     4   Next: 15%
Magic:  6/7        EV: 11    Int: 11    God:
Gold:   133        SH:  0    Dex: 14    Spells: 1 memorised, 6 levels left

rFire  . . .     SeeInvis .     a - +0 spear
rCold  . . .     Clarity  .     b - +0 leather armour
rNeg   . . .     SustAt   .     (no shield)
rPois  .         Gourm    .     (no helmet)
rElec  .         Spirit   .     (no cloak)
rCorr  .         Warding  .     (no gloves)
rMut   .         Stasis   .     (no boots)
MR     .....                    (no amulet)
Stlth  +.........               (no ring)
                                (no ring)

@: not resistant to hostile enchantments, very unstealthy
A: change form in water, swift swim
a: no special abilities


You were in a sewer.
You were not hungry.

You visited 1 branch of the dungeon, and saw 3 of its levels.
You also visited: Sewer.

You collected 133 gold pieces.

Inventory:

Hand weapons
 a - a +0 spear (weapon)
Armour
 b - a +0 leather armour (worn)
Scrolls
 e - 2 scrolls of identify {unknown}
 f - a scroll of remove curse {unknown}
 g - 3 scrolls of teleportation {unknown}
 h - a scroll of recharging {unknown}
 j - a scroll of random uselessness {unknown}
 o - a scroll of enchant weapon {unknown}
Potions
 l - a potion of resistance {unknown}
 m - a potion of curing {unknown}
 n - a potion of flight {unknown}
 p - a potion of agility
Books
 c - a book of Battle

   Spells                             Type                      Level
   a - Infusion                       Charms                       1
   b - Shroud of Golubria             Charms/Translocation         2
   c - Song of Slaying                Charms                       2
   d - Spectral Weapon                Hexes/Charms                 3
   e - Regeneration                   Charms/Necromancy            3
 q - a book of Necromancy

   Spells                             Type                      Level
   a - Pain                           Necromancy                   1
   b - Animate Skeleton               Necromancy                   1
   c - Vampiric Draining              Necromancy                   3
   d - Regeneration                   Charms/Necromancy            3
   e - Animate Dead                   Necromancy                   4
   f - Control Undead                 Necromancy                   4
Comestibles
 d - 2 bread rations
 i - a meat ration


   Skills:
 - Level 2.1 Fighting
 + Level 6.3 Polearms
 - Level 0.6 Armour
 - Level 1.3 Dodging
 - Level 2.0 Spellcasting
 - Level 3.2 Charms


You had 6 spell levels left.
You knew the following spells:

 Your Spells              Type           Power        Failure   Level  Hunger
a - Infusion              Chrm           #.....       12%         1    ##.....


Dungeon Overview and Level Annotations

Branches:
Dungeon (3/15)

Altars:
Ashenzari
Fedhas
Gozag
Trog
The Shining One


Message History

* * * LOW HITPOINT WARNING * * *
The rat twitches its whiskers.
The rat misses you.
Drink which item? (? for menu, Esc to quit)
It was a potion of agility.
You feel agile all of a sudden. The river rat barely misses you.
The rat completely misses you.
You closely miss the river rat.
The river rat bites you but does no damage.
You barely miss the river rat. The rat bites you.
* * * LOW HITPOINT WARNING * * *
The river rat closely misses you.
Drink which item? (? for menu, Esc to quit)
It was a potion of cancellation.
Your magical effects are unravelling.
You feel magically purged.
You feel a little less agile now.
You are no longer magically infusing your attacks.
The rat barely misses you. The river rat bites you.
You die... ############### ≈....rr@rr....# ###############

You could see a river rat and 3 rats.

Vanquished Creatures
  An adder (D:3)
  A river rat (Sewer)
  A worm (D:2)
  2 giant geckos
  An orc (D:3)
  A ball python (D:2)
  6 bats
  5 hobgoblins
  3 kobolds
  A quokka (D:2)
  3 giant cockroaches
  A giant newt (D:2)
  9 goblins
  8 rats
43 creatures vanquished.

Notes
Turn   | Place    | Note
--------------------------------------------------------------
     0 | D:1      | urechis the Merfolk Skald began the quest for the Orb.
     0 | D:1      | Reached XP level 1. HP: 16/16 MP: 3/3
    66 | D:1      | Reached skill level 4 in Polearms
    66 | D:1      | Reached XP level 2. HP: 16/22 MP: 5/5
   969 | D:2      | Reached XP level 3. HP: 27/27 MP: 6/6
  1002 | D:2      | Found a blossoming altar of Fedhas.
  1005 | D:2      | Found a bloodstained altar of Trog.
  1008 | D:2      | Found an opulent altar of Gozag.
  1028 | D:2      | Found a glowing golden altar of the Shining One.
  1056 | D:2      | Reached skill level 5 in Polearms
  1312 | D:2      | Found a shattered altar of Ashenzari.
  1778 | D:3      | Reached skill level 6 in Polearms
  1793 | D:3      | Found a glowing drain.
  1798 | Sewer    | Entered a sewer
  1811 | Sewer    | Reached XP level 4. HP: 12/33 MP: 5/7
  1817 | Sewer    | Slain by a river rat

Vault maps used:
D:1:      evilmike_arrival_plus
D:2:      grunt_temple_overflow_cloverleaf, overflow_temple_1_default
D:3:      gup_sewer_entry_bowl, grunt_dithmenos_smoke
Sewer:    sewer_kobolds

Action                   |  1- 3 |  4- 6 || total
-------------------------+-------+-------++-------
Melee: Spear             |   190 |     4 ||   194
 Cast: Infusion          |     2 |       ||     2
  Use: Potion            |       |     2 ||     2
 Stab: Sleeping          |     1 |       ||     1
  Eat: Chunk             |     3 |       ||     3
